[Event "Team 45 45 League T26"]
[Site "Free Internet Chess Server"]
[Date "PST.04.0"]
[Round "3"]
[White "qire"]
[Black "CamyC"]
[Result "0-1"]
[WhiteElo "1999"]
[BlackElo "1963"]
[TimeControl "2700+45"]

1. e4 e5 2. Bc4 Nf6 3. d3 Bc5 4. Nc3 d6 5. Be3 Bb6 6. Qe2 Nc6 7. Nf3 Bg4 8. h3 Bh5 9. g4 Bg6 10. Nh4 Nd4 11. Bxd4 Bxd4 12. Nf5 Bxf5 13. gxf5 c6 14. Rg1 b5 15. Bb3 Rg8 16. Nd1 a5 17. c3 Ba7 18. a3 b4 19. axb4 axb4 20. Ra4 Bc5 21. Ne3 Rxa4 22. Bxa4 Qb6 23. Nc4 Qa6 24. Qd1 Nxe4 25. dxe4 Qxc4 26. Bxc6+ Ke7 27. Bd5 Qa6 28. f6+ Kf8 29. fxg7+ Rxg7 30. Rxg7 Kxg7 31. Qb3 Qa1+ 32. Ke2 Qg1 33. cxb4 Qxf2+ 34. Kd1 Qg1+ 35. Kc2 Be3 36. Qc4 Qh2+ 37. Kb3 Qxh3 38. Ka2 Qf3 39. b5 Qf2 40. Ka3 h5 41. Qc6 Bd4 42. Qc1 Kg6 43. Bc6 h4 44. b6 Bxb6 45. Qd1 Qg3+ 46. Ka4 h3 47. Qxd6+ Kg7 48. Be8 h2 49. Qe7 h1=Q 50. Qxf7+ Kh8 51. Qf6+ Qg7 52. Qxb6 Qa1+ 53. Kb3 Qg8+ 54. Kc2 Qg2+ 55. Kd3 Qgf1+ 56. Kc3 Qac1+ 57. Kb3 Qfc4+ 58. Ka3 Qa1#   {White checkmated} 0-1

[Event "Team 45 45 League T26"]
[Site "Free Internet Chess Server"]
[Date "PST.04.0"]
[Round "3"]
[White "damienthorn"]
[Black "Louro"]
[Result "1/2-1/2"]
[WhiteElo "1803"]
[BlackElo "1926"]
[TimeControl "2700+45"]

1. e4 c5 2. Nf3 d6 3. d4 cxd4 4. Nxd4 Nf6 5. Nc3 a6 6. Be3 e5 7. Nb3 Be6 8. Be2 Be7 9. h3 O-O 10. O-O Nc6 11. Bf3 Rc8 12. Re1 Na5 13. Nxa5 Qxa5 14. g4 b5 15. g5 Nd7 16. Nd5 Bxd5 17. Qxd5 Rxc2 18. Bg4 Qd8 19. Red1 Bxg5 20. Qb3 Rc7 21. Rxd6 Bxe3 22. Qxe3 Qe7 23. Rad1 Nf6 24. Rxa6 Nxg4 25. hxg4 Rc2   {Game drawn by mutual agreement} 1/2-1/2

[Event "Team 45 45 League T26"]
[Site "Free Internet Chess Server"]
[Date "2005.03.31"]
[Round "3"]
[White "fismoluni"]
[Black "MStav"]
[Result "1-0"]
[WhiteElo "1635"]
[BlackElo "1718"]
[TimeControl "2700+45"]

1. e4 c6 2. d4 d5 3. Nc3 dxe4 4. Nxe4 Nd7 5. Nf3 Ngf6 6. Ng3 e6 7. Bd3 c5 8. O-O cxd4 9. Nxd4 Be7 10. c3 O-O 11. Qe2 Re8 12. Re1 Nc5 13. Bc2 a6 14. b4 Ncd7 15. Bf4 Nd5 16. Nxe6 Nxc3 17. Qd3 fxe6 18. Qxh7+ Kf8 19. Qh8+ Kf7 20. Bg6+ Kf6 21. Bxe8 e5 22. Qh4+ Ke6 23. Qg4+ Kd6 24. Bxd7 Bxd7 25. Bxe5+ Kc6 26. Qc4+ Kb6 27. Bd4+   {Black resigns} 1-0

[Event "Team 45 45 League T26"]
[Site "Free Internet Chess Server"]
[Date "PST.04.0"]
[Round "3"]
[White "CleverBanana"]
[Black "BIRDSMAN"]
[Result "1/2-1/2"]
[WhiteElo "1646"]
[BlackElo "1580"]
[TimeControl "2700+45"]

1. d4 e6 2. Nf3 d5 3. c4 c6 4. Nc3 Nf6 5. Bg5 Nbd7 6. e3 Be7 7. Bd3 dxc4 8. Bxc4 b5 9. Bb3 a6 10. Rc1 Bb7 11. O-O O-O 12. Qd3 c5 13. Qe2 Ne4 14. Bxe7 Qxe7 15. Nxe4 Bxe4 16. Bc2 Bxc2 17. Qxc2 cxd4 18. Nxd4 Ne5 19. Nc6 Nxc6 20. Qxc6 Rfd8 21. Rc3 Qd6 22. Qxd6 Rxd6 23. Rfc1 Rad8 24. Rc8 Rd1+ 25. Rxd1 Rxc8 26. h3 Kf8 27. Rd6 Rc1+ 28. Kh2 Rc2 29. Kg3 Ke7 30. Rxa6 Rxb2 31. Rb6 Rxa2 32. Rxb5 Kf6   {Game drawn by mutual agreement} 1/2-1/2

[Event "Team 45 45 League T26"]
[Site "Free Internet Chess Server"]
[Date "PST.04.0"]
[Round "3"]
[White "zcomcon"]
[Black "mrmahoon"]
[Result "0-1"]
[WhiteElo "1726"]
[BlackElo "1611"]
[TimeControl "2700+45"]

1. e4 e5 2. Nf3 Nc6 3. Bc4 Nf6 4. d3 d6 5. Ng5 d5 6. exd5 Na5 7. Bb5+ Bd7 8. Bxd7+ Qxd7 9. c4 b6 10. a3 Bd6 11. Nc3 Nb7 12. b4 c5 13. b5 O-O 14. O-O Bc7 15. Nce4 Bd8 16. Nxf6+ Bxf6 17. Ne4 Be7 18. Bg5 Nd6 19. Bxe7 Qxe7 20. a4 Nf5 21. f4 Ne3 22. Qe2 Nxf1 23. Rxf1 exf4 24. Rxf4 f5 25. Ng3 Qxe2 26. Nxe2 Rae8 27. Kf2 g6 28. d4 Re4 29. dxc5 Rxf4+ 30. Nxf4 bxc5 31. Ne6 Rc8 32. Kf3 Kf7 33. Kf4 h6 34. h4 Kf6 35. g3 h5 36. a5 Rg8 37. Nxc5 Rc8 38. b6 axb6 39. axb6 Rxc5 40. b7 Rxc4+ 41. Kf3 Rb4   {White resigns} 0-1

[Event "Team 45 45 League T26"]
[Site "Free Internet Chess Server"]
[Date "PST.04.0"]
[Round "3"]
[White "tjraczko"]
[Black "grabapawn"]
[Result "1-0"]
[WhiteElo "1628"]
[BlackElo "1466"]
[TimeControl "2700+45"]

1. e4 e5 2. Nf3 Nc6 3. Bb5 Nge7 4. O-O a6 5. Ba4 d6 6. h3 g6 7. c3 Bg7 8. d4 O-O 9. Re1 d5 10. Bc2 Be6 11. Qd3 f5 12. Ng5 Bc8 13. dxe5 Nxe5 14. Qe2 dxe4 15. Bb3+ Kh8 16. Nf7+ Nxf7 17. Bxf7 Rxf7 18. Qc4 Kg8 19. Nd2 b5 20. Qc5 Bb7 21. Nb3 Nc6 22. Bf4 Re7 23. Bg5 h6 24. Bxe7 Nxe7 25. Rad1 Qe8 26. Qxc7 Bc6 27. Qd6 Bf8 28. Qe6+ Kh7 29. Nc5 Rd8 30. Rxd8 Qxd8 31. Qf7+ Kh8 32. Ne6 Qe8 33. Qxf8+ Qxf8 34. Nxf8 Kg7 35. Ne6+ Kf6 36. Nc5 a5 37. Rd1 Ke5 38. Nd7+ Ke6 39. Nf8+ Kf7 40. Rd8 g5 41. Nd7 Ng6 42. Nb8 Be8 43. Na6 Ke7 44. Rd5 Ke6 45. Nc7+ Ke7 46. Nxe8 Kxe8 47. Rxb5 f4 48. Rxa5 Ne7 49. Re5 Kd7 50. Rxe4 Nf5 51. f3 h5 52. b4 Ng3 53. Rd4+ Kc6 54. Kf2 Kb5 55. Ke1 Ka4 56. Kd2 Nf1+ 57. Kd3 Ne3 58. Ke4 Nxg2 59. Kf5 g4 60. fxg4 f3 61. Rd3 f2 62. Rf3 f1=Q 63. Rxf1 Ne3+ 64. Kg5 Nxf1 65. Kxh5 Ng3+ 66. Kg6 Kb5 67. h4 Kc4 68. h5 Ne4 69. h6 Nd6 70. h7 Nc8 71. h8=Q Ne7+ 72. Kg5 Nd5 73. Qd4+   {Black resigns} 1-0

[Event "Team 45 45 League T26"]
[Site "Free Internet Chess Server"]
[Date "PST.04.0"]
[Round "3"]
[White "JayH"]
[Black "couv"]
[Result "0-1"]
[WhiteElo "1421"]
[BlackElo "1541"]
[TimeControl "2700+45"]

1. e4 e6 2. e5 d5 3. d4 c5 4. c3 Qb6 5. Nf3 Nc6 6. Be2 cxd4 7. cxd4 Nge7 8. a3 Nf5 9. b4 Nfxd4 10. Be3 Nxf3+ 11. Bxf3 Qd8 12. Bf4 Bd7 13. O-O Be7 14. Qd2 Rc8 15. Nc3 a6 16. Rfb1 b5 17. Qd3 f6 18. Bh5+ Kf8 19. Nxd5 exd5 20. Qxd5 Be8 21. Qxd8 Rxd8 22. Bxe8 Rxe8 23. e6 Nd4 24. Rd1 Ne2+ 25. Kf1 Nxf4 26. Rd7 Nxe6 27. Rc1 Rd8 28. Ra7 Kf7 29. g3 Ra8 30. Rb7 Rhc8 31. Rd1 Rc7 32. Rb6 Rac8 33. Rxa6 Rc1 34. Ke2 Rxd1 35. Kxd1 Rc3 36. Kd2 Rf3 37. Ke1 Nd4 38. Ra5 h5 39. Kf1 g5 40. Kg2 g4 41. Ra7 Ke6 42. Ra6+ Bd6 43. Ra8 Kf5 44. Rd8 Be5 45. Rh8 Ke4 46. Rxh5 Rxa3 47. h4 gxh3+ 48. Rxh3 Nc2 49. Rh4+ Kd5 50. f4 Bc3 51. Rh5+ Ke4 52. Rxb5 Bxb4 53. Rb8 Bc3 54. Re8+ Kf5 55. Rc8 Ne3+ 56. Kf2 Ng4+ 57. Ke2 Bd4 58. Rd8 Bg1   {White resigns} 0-1

[Event "Team 45 45 League T26"]
[Site "Free Internet Chess Server"]
[Date "PDT.04.0"]
[Round "3"]
[White "Lamtarra"]
[Black "manyhorses"]
[Result "1-0"]
[WhiteElo "1543"]
[BlackElo "1254"]
[TimeControl "2700+45"]

1. e4 e5 2. Nf3 Nc6 3. d3 Nf6 4. Nbd2 Bb4 5. g3 Bc5 6. Bg2 Ng4 7. O-O d5 8. exd5 Qxd5 9. Ne4 Bxf2+ 10. Nxf2 Nxf2 11. Rxf2 O-O 12. Rf1 Qc5+ 13. Rf2 Be6 14. Qe1 Rad8 15. Be3 Qb5 16. Rb1 Nd4 17. Bxd4 exd4 18. Re2 Rd5 19. Qd2 Rh5 20. Nxd4 Qc5 21. c3 Bd5 22. Bxd5 Qxd5 23. Rbe1 Qd7 24. Re5 Rxe5 25. Rxe5 Re8 26. Rxe8+ Qxe8 27. Qe2 Qa4 28. Qe7 Qd1+ 29. Kg2 Qd2+ 30. Ne2 h6 31. Qe8+ Kh7 32. Qe4+ g6 33. Kf3 Qxb2 34. Qe7 Kg7 35. Qxc7 Qxa2 36. Qxb7 a5 37. Nd4 a4 38. Nb5 Qxh2 39. Qe4 Qh5+ 40. g4 Qh3+ 41. Ke2 Qh2+ 42. Ke3 Qh3+ 43. Kd4 h5 44. Qe5+ Kh7 45. gxh5 Qg4+ 46. Qe4 Qxh5 47. c4 Qd1 48. Qh4+ Kg7 49. Qe4 Qa1+ 50. Kc5 a3 51. Qd4+ Qxd4+ 52. Nxd4 a2 53. Nc2 g5 54. Kd4 f5 55. c5 Kf6 56. Ke3 Ke6 57. d4 Kd5 58. Nb4+ Ke6 59. Nxa2 f4+ 60. Ke4 Kd7 61. Nc3 Ke6 62. Nd1 Kf6 63. d5 Kg6 64. c6 Kh5 65. c7 Kg4 66. c8=Q+ Kg3 67. Qf5 f3 68. Qxg5+ Kh2 69. Kxf3   {Black resigns} 1-0

[Event "Team 45 45 League T26"]
[Site "Free Internet Chess Server"]
[Date "PST.04.0"]
[Round "3"]
[White "clarinetref"]
[Black "KlassAct"]
[Result "1/2-1/2"]
[WhiteElo "1478"]
[BlackElo "1462"]
[TimeControl "2700+45"]

1. c4 Nf6 2. Nc3 g6 3. g3 Bg7 4. Bg2 O-O 5. Nf3 d6 6. O-O e5 7. d3 Nc6 8. Rb1 Bf5 9. Nd2 Qd7 10. Re1 Rab8 11. b4 Rfe8 12. b5 Nd4 13. Nf3 Nxf3+ 14. Bxf3 e4 15. dxe4 Nxe4 16. Nxe4 Bxe4 17. Bxe4 Rxe4 18. Qd3 Rbe8 19. Bb2 Qe6 20. Bxg7 Kxg7 21. Rb2 Qxc4 22. Qxc4 Rxc4 23. e3 Re7 24. Ra1 c6 25. a4 cxb5 26. axb5 b6 27. Rd1 Rd7 28. Kg2 Kf6 29. Rd5 Rc5 30. Rd4 Ke7 31. Rh4 h5 32. Re4+ Re5 33. Rd4 Rc7 34. f4 Rec5 35. Rbd2 Rxb5 36. Rxd6 a5 37. R6d4 Rbc5 38. Re4+ Kf6 39. Rd6+ Kg7 40. Rxb6 Rc2+ 41. Kh3 R7c4 42. Re8 a4 43. Rbb8 R4c3 44. Rg8+ Kf6 45. Rb6+ Rc6 46. Rxc6+ Rxc6 47. Ra8 Rc4 48. Kg2 Kf5 49. Kf3 Ke6 50. Ke2 Kd5 51. Kd3 Rb4 52. Ra5+ Ke6 53. Kc3 Re4 54. Kd3 Rb4 55. Kc3 Re4 56. Kd3 Rb4 57. Kc3 Re4   {Game drawn by repetition} 1/2-1/2

[Event "Team 45 45 League T26"]
[Site "Free Internet Chess Server"]
[Date "2005.03.31"]
[Round "3"]
[White "chesstalker"]
[Black "jerryrab"]
[Result "0-1"]
[WhiteElo "1387"]
[BlackElo "1239"]
[TimeControl "2700+45"]

1. d4 d6 2. c4 h6 3. Nc3 Nf6 4. e4 Nc6 5. Nf3 e5 6. d5 Nd4 7. Nxd4 exd4 8. Qxd4 Ng4 9. Bf4 Qe7 10. Rd1 Ne5 11. Be2 g5 12. Bg3 Bg7 13. Qe3 O-O 14. O-O f5 15. f4 Ng4 16. Bxg4 fxg4 17. fxg5 Qxg5 18. Qxg5 hxg5 19. Rxf8+ Kxf8 20. Rf1+ Ke7 21. Ne2 Bxb2 22. Bf2 Be5 23. Nd4 Bd7 24. Nf5+ Bxf5 25. exf5 Kf6 26. g3 Re8 27. Kg2 Bc3 28. Rc1 Bb2 29. Rb1 Re2 30. Kf1 Rc2 31. Kg2 Bd4 32. Rf1 Rxa2 33. Kg1 Bb6 34. Bxb6 axb6 35. Re1 Rc2 36. Re4 Kxf5 37. Rd4 Rc1+ 38. Kf2 Rc2+ 39. Kg1 Rc1+ 40. Kf2 Rc2+ 41. Kg1 Rc3 42. Kg2 c6 43. h3 gxh3+ 44. Kxh3 c5 45. Rg4 Rc1   {White resigns} 0-1

[Event "Team 45 45 League T26"]
[Site "Free Internet Chess Server"]
[Date "2005.03.31"]
[Round "3"]
[White "EyeAm"]
[Black "manyhorses"]
[Result "1-0"]
[WhiteElo "1289"]
[BlackElo "1258"]
[TimeControl "2700+45"]

1. e4 d5 2. exd5 Qxd5 3. Nc3 Qe5+ 4. Qe2 Qxe2+ 5. Bxe2 Nf6 6. Nf3 Nc6 7. O-O Bg4 8. a3 O-O-O 9. Re1 h5 10. h3 Bf5 11. d3 e6 12. Bf4 Bd6 13. Bxd6 Rxd6 14. Ng5 Bg6 15. Nge4 Nxe4 16. Nxe4 Bxe4 17. dxe4 f6 18. Rad1 f5 19. Bf3 Ne5 20. exf5 Nxf3+ 21. gxf3 exf5 22. Rxd6 cxd6 23. Re7 g5 24. Re6 Kd7 25. Rf6 g4 26. Kg2 Rg8 27. Rxf5 gxf3+ 28. Kxf3 h4 29. Rf4 Rc8 30. c3 b5 31. Rxh4 a5 32. Rd4 Rf8+ 33. Ke3 Kc6 34. f4 Kc5 35. h4 Rg8 36. h5 Rg3+ 37. Ke4 Rh3 38. b4+ axb4 39. axb4+ Kc6 40. Rd5 Rxc3 41. Rd4 Rh3 42. Rd5 Rh1 43. Rg5 Re1+ 44. Kf5 Rd1 45. h6 Rd5+ 46. Kf6 Rd2 47. h7 Rh2 48. Kg7 d5 49. Rg6+ Kd7 50. h8=Q Rxh8 51. Kxh8 d4 52. Rg1 Kd6 53. Rd1 Kd5 54. f5 Ke5 55. f6 Kxf6 56. Rxd4 Ke5 57. Rd8 Ke6 58. Kg7 Ke7 59. Rd1 Ke6 60. Kg6 Ke5 61. Kf7 Ke4 62. Ke6 Ke3 63. Rd8 Ke4 64. Rd1 Ke3 65. Kd6 Ke2 66. Rd5 Ke3 67. Rxb5 Kd4 68. Rc5 Kd3 69. b5 Kd4 70. b6   {Black resigns} 1-0

[Event "Team 45 45 League T26"]
[Site "Free Internet Chess Server"]
[Date "PDT.04.0"]
[Round "3"]
[White "Pawns"]
[Black "TGV"]
[Result "1-0"]
[WhiteElo "1767"]
[BlackElo "1719"]
[TimeControl "2700+45"]

1. e4 e6 2. d4 d5 3. Nc3 Bb4 4. e5 c5 5. a3 Bxc3+ 6. bxc3 Ne7 7. Nf3 Qc7 8. a4 Nbc6 9. Ba3 cxd4 10. cxd4 Nf5 11. c3 Na5 12. Qc2 Nc4 13. Bd3 Bd7 14. O-O Rc8 15. Rfc1 Nxa3 16. Rxa3 Qa5 17. Qb2 Rc7 18. Rb1 a6 19. Nd2 O-O 20. c4 Nxd4 21. Qxd4 Qxd2 22. Bxh7+   {Black resigns} 1-0

[Event "Team 45 45 League T26"]
[Site "Free Internet Chess Server"]
[Date "PST.04.0"]
[Round "3"]
[White "MGoo"]
[Black "CelticDeath"]
[Result "1-0"]
[WhiteElo "1785"]
[BlackElo "1751"]
[TimeControl "2700+45"]

1. d4 Nf6 2. c4 c5 3. d5 e6 4. Nc3 exd5 5. cxd5 d6 6. e4 a6 7. a4 Nbd7 8. f4 g6 9. Nf3 Bg7 10. Bc4 O-O 11. O-O Nb6 12. Bb3 Bg4 13. a5 Nbd7 14. Qd3 b5 15. axb6 Qxb6 16. Bc4 Rfb8 17. Kh1 a5 18. b3 Ne8 19. h3 Bxf3 20. Rxf3 Nc7 21. Bb2 Re8 22. Na4 Qb8 23. Bxg7 Kxg7 24. Re1 Re7 25. Qc3+ f6 26. e5 Qe8 27. e6 Nf8 28. f5 g5 29. Nxc5 Nb5 30. Bxb5 Qxb5 31. Ne4   {Black resigns} 1-0

[Event "Team 45 45 League T26"]
[Site "Free Internet Chess Server"]
[Date "PST.04.0"]
[Round "3"]
[White "Holyphant"]
[Black "Galleta"]
[Result "1-0"]
[WhiteElo "1653"]
[BlackElo "1819"]
[TimeControl "2700+45"]

1. e4 d6 2. d4 Nf6 3. Bd3 e5 4. Ne2 exd4 5. Nxd4 c5 6. Ne2 Nc6 7. Nbc3 Qb6 8. Bg5 Qxb2 9. Bxf6 gxf6 10. Nd5 Na5 11. Rb1 Qe5 12. Rb5 b6 13. Nc7+ Kd8 14. Nxa8 Rg8 15. Qd2 Qa1+ 16. Nc1 c4 17. Rxa5 c3 18. Qf4 bxa5 19. O-O Be7 20. Qf3 Qb2 21. e5 dxe5 22. Qd5+ Ke8 23. Qc6+ Bd7 24. Qd5 Qb8 25. Bc4 Be6 26. Qc6+ Kf8 27. Bxe6 fxe6 28. Nc7 Rg6 29. Rd1 f5 30. Nxe6+ Kf7 31. Qc7 Qg8 32. Nd8+ Kf6 33. g3 Kg5 34. Qxe7+ Kh5 35. Qh4#   {Black checkmated} 1-0

[Event "Team 45 45 League T26"]
[Site "Free Internet Chess Server"]
[Date "PDT.04.0"]
[Round "3"]
[White "sacKING"]
[Black "Thalagor"]
[Result "1-0"]
[WhiteElo "1768"]
[BlackElo "1809"]
[TimeControl "2700+45"]

1. c4 Nf6 2. g3 e5 3. Bg2 Bb4 4. a3 Ba5 5. b4 Bxb4 6. axb4 d5 7. d3 O-O 8. Bg5 dxc4 9. dxc4 Qe7 10. Qb3 Nc6 11. Bxc6 bxc6 12. Nc3 e4 13. Qb1 Bf5 14. Ra5 Bg6 15. Qb2 h6 16. Be3 Rfb8 17. Qa3 Ng4 18. Bc5 Qf6 19. Nh3 Qe6 20. Nf4 Qxc4 21. Nxg6 fxg6 22. Qa2 Qxa2 23. Rxa2 Nf6 24. Kd2 Rd8+ 25. Ke3 Nd5+ 26. Nxd5 cxd5 27. Kd4 Kf7 28. Rha1 Ke6 29. Ra6+ Kf7 30. Rxa7 Rac8 31. Rb7 Rd7 32. Raa7 Ke6 33. b5 Rcd8 34. Rxc7 Rxc7 35. Rxc7 Ra8 36. Ra7 Rb8 37. b6   {Black resigns} 1-0

[Event "Team 45 45 League T26"]
[Site "Free Internet Chess Server"]
[Date "PDT.04.0"]
[Round "3"]
[White "sidiAhmed"]
[Black "sostoned"]
[Result "1-0"]
[WhiteElo "1750"]
[BlackElo "1736"]
[TimeControl "2700+45"]

1. d4 Nf6 2. c4 e6 3. Nf3 Bb4+ 4. Bd2 Qe7 5. a3 Bxd2+ 6. Nbxd2 d6 7. e3 O-O 8. Bd3 b6 9. Ne4 Nbd7 10. Qc2 Bb7 11. O-O Nxe4 12. Bxe4 Bxe4 13. Qxe4 Nf6 14. Qc6 Rfd8 15. d5 exd5 16. cxd5 Rab8 17. Rac1 Rd7 18. Rfe1 Ne4 19. Nd4 Nc5 20. Nf5 Qe4 21. Rxc5 Qxf5 22. Rc4 Re7 23. e4 Rbe8 24. f3 Qe5 25. Qb7 c5 26. Qc6 f5 27. b4 cxb4 28. axb4 g5 29. g3 h5 30. Rcc1 Qd4+ 31. Kh1 Qxb4 32. Rb1 Qc5 33. Rec1 Qxc6 34. dxc6 fxe4 35. fxe4 Rxe4 36. Rd1 R4e6 37. Rbc1 Rc8 38. Rd5 Kf7 39. Rxg5 Re5 40. Rf1+ Ke6 41. Rg6+ Kd5 42. Rd1+ Kxc6 43. Rgxd6+ Kb5 44. Rb1+ Kc5 45. Rd7 a5 46. Rc1+ Kb4 47. Rxc8 a4 48. Rd4+ Kb3 49. Rcc4 b5 50. Rb4+ Kc3 51. Rxa4 bxa4 52. Rxa4 Kd3 53. Kg2 Ke3 54. Kh3 Rf5 55. Ra6 Kf3 56. Rh6 Rg5 57. Kh4 Re5 58. Rxh5 Re4+ 59. Kh3 Ra4 60. Rf5+ Ke4 61. g4   {Black resigns} 1-0

[Event "Team 45 45 League T26"]
[Site "Free Internet Chess Server"]
[Date "PST.04.0"]
[Round "3"]
[White "Chessface"]
[Black "midoekram"]
[Result "0-1"]
[WhiteElo "1694"]
[BlackElo "1694"]
[TimeControl "2700+45"]

1. c4 e5 2. g3 Nf6 3. Nc3 b6 4. Bg2 Nc6 5. e4 Bc5 6. Nge2 O-O 7. O-O Ng4 8. h3 Nxf2 9. Rxf2 Bxf2+ 10. Kxf2 d6 11. d4 Qf6+ 12. Kg1 exd4 13. Nd5 Qd8 14. Nxd4 Nxd4 15. Qxd4 c5 16. Qf2 Be6 17. Be3 Bxd5 18. exd5 Qe7 19. Re1 Qd7 20. Kh2 Rae8 21. Qc2 Re5 22. Be4 f5 23. Bf3 Rfe8 24. Qd3 Qe7 25. Bd2 Rxe1 26. Bxe1 Qxe1 27. Qxf5 Qf2+ 28. Bg2 Qxf5   {White resigns} 0-1

[Event "Team 45 45 League T26"]
[Site "Free Internet Chess Server"]
[Date "PST.04.0"]
[Round "3"]
[White "waelag"]
[Black "RomaLavrn"]
[Result "1-0"]
[WhiteElo "1918"]
[BlackElo "1779"]
[TimeControl "2700+45"]

1. e4 c6 2. d4 d5 3. Nc3 dxe4 4. Nxe4 Nf6 5. Nxf6+ gxf6 6. Bf4 Bf5 7. Nf3 e6 8. Bd3 Bg6 9. Qe2 Bd6 10. Bh6 Qc7 11. Bg7 Rg8 12. Bxf6 Bxd3 13. Qxd3 Nd7 14. Bh4 f5 15. O-O-O Rxg2 16. Rhe1 Nf8 17. Qxf5 Be7 18. Qh3 Rg7 19. Ne5 O-O-O 20. Bg3 Qa5 21. Kb1 Rxd4 22. Nd3 Qf5 23. Qxf5 exf5 24. Be5 Rxd3 25. Rxd3 Rf7 26. Red1 Ng6 27. f4 Nxe5 28. fxe5 f4 29. Rf3 Rf5 30. c3 Bg5 31. Re1 Kd7 32. e6+ Ke7 33. Rh3 h6 34. Rd3 f3 35. Rd7+ Ke8 36. e7 Bxe7 37. Rexe7+ Kf8 38. Re1 f2 39. Rf1 b5 40. Rxa7 c5 41. Ra5 c4 42. a4 Ke7 43. Rxb5 Rf4   {Black resigns} 1-0

[Event "Team 45 45 League T26"]
[Site "Free Internet Chess Server"]
[Date "PST.04.0"]
[Round "3"]
[White "Doubleletter"]
[Black "Shikamaru"]
[Result "0-1"]
[WhiteElo "1697"]
[BlackElo "1949"]
[TimeControl "2700+45"]

1. c4 g5 2. d4 Bg7 3. Nc3 g4 4. Bf4 c5 5. e3 h5 6. Ne4 Qa5+ 7. Qd2 Qxd2+ 8. Kxd2 cxd4 9. Rb1 Nc6 10. exd4 Nxd4 11. Ne2 Ne6 12. Be3 b6 13. Nf4 Nxf4 14. Bxf4 Bb7 15. f3 Nf6 16. Nxf6+ Bxf6 17. Be2 e5 18. Be3 d5 19. cxd5 Bxd5 20. b3 Rd8 21. Ke1 Bh4+ 22. Bf2 Be7 23. Be3 f5 24. Bb5+ Kf7 25. Bc4 f4 26. Bf2 Bxc4 27. bxc4 e4 28. fxe4 Rhe8 29. g3 Bf8 30. gxf4 Rxe4+ 31. Kf1 Rd2 32. Bg3 Rxc4 33. h3 Rc3 34. Ke1 Rxa2 35. Bh4 Bb4 36. Kf1 Rf3+   {White resigns} 0-1

[Event "Team 45 45 League T26"]
[Site "Free Internet Chess Server"]
[Date "PDT.04.0"]
[Round "3"]
[White "maheg"]
[Black "twotowers"]
[Result "1-0"]
[WhiteElo "1744"]
[BlackElo "1621"]
[TimeControl "2700+45"]

1. e4 d6 2. d4 Nf6 3. Nc3 g6 4. Nf3 Bg7 5. Be2 O-O 6. O-O Nbd7 7. e5 dxe5 8. dxe5 Ng4 9. e6 fxe6 10. Ng5 Nxf2 11. Rxf2 Nb6 12. Rxf8+ Qxf8 13. Bg4 Qf6 14. Qd8+ Qf8 15. Qxf8+ Kxf8 16. Nxh7+ Kf7 17. Ng5+ Kf6 18. Bf4 Bh6 19. Nce4+   {Black resigns} 1-0

[Event "Team 45 45 League T26"]
[Site "Free Internet Chess Server"]
[Date "2005.04.11"]
[Round "3"]
[White "Thalagor"]
[Black "TheTactician"]
[Result "0-1"]
[WhiteElo "1790"]
[BlackElo "1703"]
[TimeControl "2700+45"]

1. e4 e5 2. f4 exf4 3. Nf3 g5 4. h4 g4 5. Ng5 h6 6. Nxf7 Kxf7 7. Bc4+ d5 8. Bxd5+ Kg7 9. b3 Qf6 10. c4 f3 11. O-O Bc5+ 12. Rf2 g3 13. Qxf3 Qxf3 14. gxf3 gxf2+ 15. Kf1 Bh3+   {White resigns} 0-1

[Event "Team 45 45 League T26"]
[Site "Free Internet Chess Server"]
[Date "PST.04.0"]
[Round "3"]
[White "qire"]
[Black "KymF"]
[Result "0-1"]
[WhiteElo "2011"]
[BlackElo "2122"]
[TimeControl "2700+45"]

1. e4 c5 2. Nc3 d6 3. f4 g6 4. Nf3 Nc6 5. d4 cxd4 6. Nxd4 Bg7 7. Nxc6 bxc6 8. Bc4 Qb6 9. Bb3 Nf6 10. Qf3 Bg4 11. Qe3 O-O 12. h3 Bd7 13. O-O Nh5 14. Qxb6 axb6 15. Be3 b5 16. g4 Bxc3 17. bxc3 Ng3 18. f5 Nxf1 19. Rxf1 e6 20. Bh6 Rfe8 21. c4 bxc4 22. Bxc4 Ra4 23. Bd3 Rxa2 24. Rb1 exf5 25. gxf5 Rea8 26. Rb7 Bc8 27. Rc7 gxf5 28. Bc4 Ra1+ 29. Kf2 Be6 30. Bxe6 fxe6 31. exf5 exf5 32. Rg7+ Kh8 33. Rc7 R1a6 34. h4 Re8 35. h5 c5 36. Bg7+ Kg8 37. h6 Ra2 38. Kf3 Rxc2 39. Kf4 Rf2+ 40. Kg5 Re6 41. Bf6 Re1 42. Bg7 Rg1+ 43. Kf6 Rg6+ 44. Ke7 Re2+ 45. Kd7 Rge6 46. Kc6 f4 47. Rc8+ Re8 48. Rc7 f3 49. Bf6 f2 50. Rg7+ Kf8 51. Rxh7 f1=Q 52. Rc7 Qxf6   {White resigns} 0-1

[Event "Team 45 45 League T26"]
[Site "Free Internet Chess Server"]
[Date "PDT.04.0"]
[Round "3"]
[White "nham"]
[Black "Louro"]
[Result "1/2-1/2"]
[WhiteElo "1946"]
[BlackElo "1918"]
[TimeControl "2700+45"]

1. e4 c5 2. Nc3 Nc6 3. f4 g6 4. Nf3 Bg7 5. Bc4 e6 6. O-O Nge7 7. Qe1 O-O 8. d3 d5 9. Bb3 Nd4 10. Nxd4 Bxd4+ 11. Kh1 dxe4 12. dxe4 b6 13. e5 Ba6 14. Rf3 c4 15. Ne4 cxb3 16. Nf6+ Kg7 17. Rh3 h5 18. axb3 Bb7 19. c3 Bc5 20. b4 Bd6 21. exd6 Qxd6 22. Be3 Nf5 23. Nxh5+ Kg8 24. Ng3 Qc6 25. Ne4 Qxe4 26. Qf2 Nxe3 27. Rxe3 Qxg2+ 28. Qxg2 Bxg2+ 29. Kxg2 Rfd8 30. Kf3 Rd2 31. Re2 Rxe2 32. Kxe2 Kg7 33. Ke3 Kf6 34. c4 Kf5 35. c5 bxc5 36. bxc5 e5 37. fxe5 Kxe5 38. b4 Kd5 39. Kd3 a5 40. Rxa5 Rxa5 41. bxa5 Kxc5 42. Ke4 f5+ 43. Kf4 Kb5 44. h4 Kxa5 45. h5 gxh5 46. Kxf5 h4 47. Kg4   {Game drawn by mutual agreement} 1/2-1/2

[Event "Team 45 45 League T26"]
[Site "Free Internet Chess Server"]
[Date "PST.04.0"]
[Round "3"]
[White "mandragora"]
[Black "wester"]
[Result "0-1"]
[WhiteElo "1798"]
[BlackElo "1890"]
[TimeControl "2700+45"]

1. e4 c5 2. Nf3 Nc6 3. d4 cxd4 4. Nxd4 Nf6 5. Nc3 e6 6. a3 d5 7. Bg5 Be7 8. Bb5 Bd7 9. Bxc6 bxc6 10. e5 Ng8 11. Bxe7 Nxe7 12. b4 Ng6 13. Qe2 Qg5 14. Nf3 Qxg2 15. Rg1 Qh3 16. Rg3 Qh6 17. Na4 a5 18. Nb6 Ra7 19. b5 c5 20. Nxd7 Rxd7 21. b6 c4 22. h3 O-O 23. Nd4 Rb7 24. a4 Rxb6 25. Nb5 Qf4 26. Re3 Nh4 27. Rg3 Ng6 28. Re3 Qg5 29. Kf1 Rd8 30. Re1 d4 31. Rg3 Qf5 32. Qxc4 Rbb8 33. Nd6 Qf4 34. Re4 Qc1+ 35. Re1 Qb2 36. Qc7 Rf8 37. Rf3 Nh8 38. Nb5 Rfc8 39. Qd7 Rd8 40. Qc7 Rbc8 41. Qxa5 Qxc2 42. Nd6 Qc7 43. Qd2 Qc6 44. Rg3 Ra8 45. Qh6 Ng6 46. Qd2 Rxa4 47. Rc1 Qa6+ 48. Kg2 d3 49. Kh2 Qb6 50. Re1 Nxe5 51. Rxe5 Qxd6 52. Rh5 Qf4 53. Qc3 Rad4 54. Qe1 d2 55. Qd1 Qxf2+ 56. Rg2 Qf4+ 57. Kh1 Qe3 58. Rg1 Rc4 59. Rhg5 Qxh3#   {White checkmated} 0-1

[Event "Team 45 45 League T26"]
[Site "Free Internet Chess Server"]
[Date "PST.04.0"]
[Round "3"]
[White "volcano"]
[Black "Pawns"]
[Result "1/2-1/2"]
[WhiteElo "1798"]
[BlackElo "1789"]
[TimeControl "2700+45"]

1. e4 d5 2. exd5 Qxd5 3. Nc3 Qa5 4. d4 Nf6 5. Nf3 Ne4 6. Bd2 Nxd2 7. Qxd2 e6 8. Ne5 Bb4 9. Nc4 Bxc3 10. Nxa5 Bxd2+ 11. Kxd2 O-O 12. Bd3 Nd7 13. Be4 Rb8 14. f4 c5 15. c3 cxd4 16. cxd4 Rd8 17. Rac1 Nf6 18. Ke3 Nxe4 19. Kxe4 b6 20. Nc6 Bb7 21. Ke3 Bxc6 22. Rxc6 Rd7 23. Rhc1 Rbd8 24. Rd1 Kf8 25. a4 Rd6 26. Rxd6 Rxd6 27. Rc1 Ke7 28. Rc7+ Rd7 29. Rxd7+ Kxd7 30. Ke4 Kd6 31. g4 h6 32. h4 f6 33. b4 a5 34. b5 g5 35. fxg5 fxg5 36. h5 Kd7 37. Ke5 Ke7 38. d5 exd5 39. Kxd5 Kd7 40. Ke5 Ke7 41. Kf5 Kf7 42. Ke5 Ke7 43. Kd4 Kd6 44. Ke4 Ke6 45. Kd4 Kd6 46. Ke4 Ke6 47. Kd4 Kd6 48. Ke4 Ke6   {Game drawn by repetition} 1/2-1/2